 Dungeon Crawl Stone Soup version 0.28.0-1-gb440e238dd (webtiles) character file.

Game seed: 2306709219677892670

58 hikkokomori the Digger (level 4, -1/24 HPs)
             Began as a Gargoyle Earth Elementalist on Feb 21, 2022.
             Killed by divine providence
             ... invoked by an orc priest
              (16 damage)
             ... on level 2 of the Dungeon.
             The game lasted 00:02:58 (2132 turns).

hikkokomori the Digger (GrEE)                       Turns: 2132, Time: 00:03:00

Health: -1/24      AC:  8    Str: 12    XL:     4   Next: 1%
Magic:  3/8        EV: 11    Int: 17    God:
Gold:   20         SH:  0    Dex: 10    Spells: 8/9 levels left

rFire   . . .      SeeInvis .   i - +0 short sword
rCold   . . .      Faith    .   (no shield)
rNeg    + . .      Spirit   .   b - +0 robe
rPois   ∞          Reflect  .   d - +2 helmet
rElec   +          Harm     .   (no cloak)
rCorr   .          Rampage  .   (no gloves)
Will    .....                   (no boots)
Stlth   ++........              (no amulet)
HPRegen 0.08/turn               (no ring)
MPRegen 0.11/turn               (no ring)

@: no status effects
A: sickness immunity, AC +3, negative energy resistance 1, electricity
resistance, torment resistance 1, petrification resistance
a: no special abilities


You were on level 2 of the Dungeon.
You visited 1 branch of the dungeon, and saw 2 of its levels.

You collected 20 gold pieces.

Inventory:

Hand Weapons
 i - a +0 short sword (weapon)
Missiles
 c - 28 stones
 e - 9 poisoned darts
Armour
 b - a +0 robe (worn)
 d - a +2 helmet (worn)
Scrolls
 f - a scroll of fog {unknown}
 h - a scroll of fear {unknown}
 j - a scroll of vulnerability {unknown}
 k - 3 scrolls of enchant armour {unknown}
 m - a scroll of identify {unknown}
 p - a scroll of magic mapping {unknown}
Potions
 a - a potion of attraction {unknown}
 g - a potion of lignification {unknown}
 l - a potion of brilliance {unknown}
 n - a potion of might {unknown}
 o - a potion of haste {unknown}


   Skills:
 - Level 1.5 Dodging
 - Level 2.1 Stealth
 + Level 3.0 Spellcasting
 - Level 0.7 Transmutations
 + Level 4.8 Earth Magic


You had 8 spell levels left.
You knew the following spells:

 Your Spells              Type           Power      Damage    Failure   Level
a - Sandblast             Erth           38%        2d10      2%          1

Your spell library contained the following spells:

 Spells                   Type           Power      Damage    Failure   Level
 Passwall                 Tmut/Erth      10%        N/A       9%          2
 Stone Arrow              Conj/Erth      20%        3d8       19%         3
 Petrify                  Tmut/Erth      12%        N/A       50%         4


Dungeon Overview and Level Annotations

Branches:
Dungeon (2/15)

Altars:
Okawaru


Innate Abilities, Weirdness & Mutations

You are immune to sickness and miasma.
Your stone body is resilient. (AC +3)
You are immune to poison.
You resist negative energy. (rN+)
You are resistant to electric shocks. (rElec)
You are resistant to unholy torment.
You are immune to petrification.


Message History

Confirm with . or Enter, or press ? or * to list all spells.
Aiming: Sandblast (safe; 2% risk of failure)
Press: ? - help, Shift-Dir - straight line, f/p - orc priest
Aim: an orc priest, wielding a +0 mace (severely wounded, 79% to hit)
The blast of sand hits the orc.
The orc is moderately wounded.
The orc priest calls upon Beogh to heal the orc.
The orc's wounds heal themselves!
The orc priest casts a cantrip, but nothing happens.
Casting: Sandblast (safe; 2% risk of failure)
Confirm with . or Enter, or press ? or * to list all spells.
Aiming: Sandblast (safe; 2% risk of failure)
Press: ? - help, Shift-Dir - straight line, f/p - orc priest
Aim: an orc priest, wielding a +0 mace (severely wounded, 79% to hit)
The blast of sand hits the orc.
The orc is heavily wounded.
The orc misses you.
Unknown command.
Unknown command.
Casting: Sandblast (safe; 2% risk of failure)
Confirm with . or Enter, or press ? or * to list all spells.
Aiming: Sandblast (safe; 2% risk of failure)
Press: ? - help, Shift-Dir - straight line, f/p - orc priest
Aim: an orc priest, wielding a +0 mace (severely wounded, 79% to hit)
The blast of sand hits the orc.
The orc is almost dead.
The orc hits you with a +0 flail.
The orc priest begins to cast a cantrip, but forgets the words!
The orc priest hits you from afar with a +4 trident.
Casting: Sandblast (safe; 2% risk of failure)
Confirm with . or Enter, or press ? or * to list all spells.
Aiming: Sandblast (safe; 2% risk of failure)
Press: ? - help, Shift-Dir - straight line, f/p - orc priest
Aim: an orc priest, wielding a +0 mace (severely wounded, 79% to hit)
The blast of sand hits the orc!
You kill the orc!
The orc priest mumbles some strange prayers to Beogh against you.
Beogh smites you!
Ouch! That really hurt!
You die...

.## ....... .... +.........
.####### #......... .......
####......... ..#....
............#####+#. #...##
#...o.............. .....# ..
.oo. #........ .....####.#.
##o######........## ............
#.@............#...
..............#####.#########....
..†..............................
.............######.#########....
###.........................+....
###............####.#########....
..................#.# .....
.##.............#.#.# ########
.##..<............#.# #.....#


You could see 2 orc priests and 2 orcs.

Vanquished Creatures
  2 adders (D:2)
  An orc (D:2)
  2 bats
  2 endoplasms (D:1)
  2 giant cockroaches (D:2)
  A goblin (D:1)
  6 hobgoblins (D:2)
  6 jackals
  3 quokkas
  4 ball pythons
  3 kobolds (D:1)
  A rat (D:1)
33 creatures vanquished.

Notes
Turn   | Place    | Note
-------+----------+-------------------------------------------
     0 | D:1      | hikkokomori the Gargoyle Earth Elementalist began the quest
                  | for the Orb.
     0 | D:1      | Reached XP level 1. HP: 10/10 MP: 3/3
   236 | D:1      | Reached XP level 2. HP: 15/15 MP: 0/5
   295 | D:1      | Reached skill level 4 in Earth Magic
  1125 | D:1      | Found a faded altar of an unknown god.
  1398 | D:2      | Reached XP level 3. HP: 19/19 MP: 2/6
  1444 | D:2      | Found an iron altar of Okawaru.
  2080 | D:2      | Reached XP level 4. HP: 24/24 MP: 8/8
  2132 | D:2      | Killed from afar by an orc priest

Illustrated notes

Levels and vault maps discovered:
D:1:      roderic_chinese_lattice_arrival, layout_loops_corners,
          dreamdust_ecumenical_altar_hidden_monk_grotto
D:2:      layout_basic, basic_altar, minmay_between

Skill      XL: |  1  2  3 |
---------------+----------+-----
Earth Magic    | 4 |  4.8
Spellcasting   | 3 |  3.0
Dodging        | |  1.5
Stealth        | |  2.1
Transmutations | |  0.7

Action                   |  1- 3 |  4- 6 || total
-------------------------+-------+-------++-------
Melee: Unarmed           |    16 |       ||    16
       Short sword       |    44 |     1 ||    45
 Cast: Sandblast         |    32 |     5 ||    37
 Stab: Sleeping          |     3 |       ||     3
Armor: Robe              |    38 |       ||    38
Dodge: Dodged            |    43 |     1 ||    44
